 Dungeon Crawl Stone Soup version 0.31.0 (webtiles) character file.

Game seed: 1288404729682522787

982 emikaela the Scratcher (level 7, -8/36 HPs)
             Began as a Felid Shapeshifter on Jan 19, 2024.
             Was an Initiate of Trog.
             Mangled by an orc warrior
             ... wielding a +0 war axe
              (12 damage)
             ... on level 5 of the Dungeon.
             The game lasted 00:39:57 (5281 turns).

emikaela the Scratcher (Felid Shapeshifter)         Turns: 5281, Time: 00:39:58

Health: -8/36      AC:  2    Str: 10    XL:     7   Next: 96%
Magic:  8/8        EV: 18    Int: 13    God:    Trog [......]
Gold:   216        SH:  5    Dex: 18    Spells: 6/6 levels left
                                        Lives:  0   Deaths: 2

rFire   . .          .
                       - Unarmed
rCold   . . .        (shield unavailable)
rNeg    . . .        (body armour unavailable)
rPois   .            (helmet unavailable)
rElec   .            (cloak unavailable)
rCorr   .            (gloves unavailable)
SInv    +            (boots unavailable)
Will    +....        d - amulet of reflection
Stlth   +++          (no ring)
HPRegen 0.26/turn    (no ring)
MPRegen 0.11/turn

%: reflection
@: beast-form
A: beast (slay +3), very small, claws 1, fangs 3, see invisible, shaggy fur 2,
stealthy paws, no weapons or thrown items, no armour, multi-lived
a: Begin Untransformation, Renounce Religion


You were on level 5 of the Dungeon.
You worshipped Trog.
Trog was noncommittal.
You were a hulking beast.
You visited 2 branches of the dungeon, and saw 7 of its levels.

You collected 216 gold pieces.

Inventory:

Jewellery
 d - an amulet of reflection (around neck)
Talismans
 b - a beast talisman (active)
 c - a flux talisman
Scrolls
 a - a scroll of butterflies
 f - a scroll of acquirement {unknown}
 h - a scroll of vulnerability {unknown}
 i - a scroll of identify
 k - a scroll of fog {unknown}
 l - a scroll of revelation {unknown}
 m - a scroll of poison {!r}
Potions
 e - a potion of brilliance
 g - a potion of invisibility {unknown}
 j - a potion of ambrosia {unknown}
 n - 3 potions of attraction {!q}
 o - a potion of degeneration {unknown}
 p - a potion of cancellation {unknown}
 q - a potion of mutation {unknown}


   Skills:
 - Level 3.0 Fighting
 - Level 3.2 Dodging
 - Level 5.0 Stealth
 * Level 6.2 Unarmed Combat
 * Level 5.2 Shapeshifting


You had 6 spell levels left.
You didn't know any spells.
Your spell library contained the following spells:

 Spells                   Type           Power      Damage    Failure   Level
 Ensorcelled Hibernation  Hex/Ice        0%         N/A       43%         2
 Sublimation of Blood     Necr           0%         N/A       43%         2
 Fugue of the Fallen      Necr           0%         N/A       67%         3
 Anguish                  Hex/Necr       0%         N/A       97%         4
 Petrify                  Alch/Erth      0%         N/A       97%         4
 Irradiate                Conj/Alch      0%         3d11      100%        5


Dungeon Overview and Level Annotations

Branches:
Dungeon (6/15)             Temple (1/1) D:5

Altars:
Ashenzari
Cheibriados
Dithmenos
Fedhas
Gozag
Hepliaklqana
Kikubaaqudgha
Makhleb
Qazlal
Trog
Uskayaw
Xom
Zin
The Shining One

Annotations:
D:2 Sigmund
D:6 3 runed translucent doors


Innate Abilities, Weirdness & Mutations

You are a hulking beast.
Your limbs bulge with bestial killing power. (Slay +3)
You have sharp claws.
You have razor-sharp teeth.
You have supernaturally acute eyesight. (SInv)
You are covered in thick fur. (AC +2)
Your paws help you pounce on unaware monsters.
You are incapable of wielding weapons or throwing items.
You cannot wear armour.
You gain extra lives every three experience levels.


Message History

You scratch the orc warrior.
The orc warrior is lightly wounded.
The orc warrior barely misses you.
You completely miss the orc warrior.
You bite the orc warrior, but do no damage.
The orc warrior is lightly wounded.
The orc warrior misses you.
You barely miss the orc warrior.
The orc warrior is lightly wounded.
The orc warrior hits you with a +0 war axe!
You die...
Your shape twists and changes as you die.
You rejoin the land of the living...
Done exploring.
You scratch the orc warrior but do no damage.
You bite the orc warrior, but do no damage.
The orc warrior is lightly wounded.
The orc warrior hits you with a +0 war axe!
You scratch the orc warrior but do no damage.
Your bite misses the orc warrior.
The orc warrior is lightly wounded.
The orc warrior hits you with a +0 war axe!
You are too injured to fight recklessly!
You are too injured to fight recklessly!
You scratch the orc warrior.
The orc warrior is moderately wounded.
The orc warrior closely misses you.
You closely miss the orc warrior.
The orc warrior is moderately wounded.
You claw the orc warrior! You bite the orc warrior.
The orc warrior is severely wounded.
The orc warrior closely misses you.
You barely miss the orc warrior.
The orc warrior is severely wounded.
The orc warrior hits you with a +0 war axe!
* * * LOW HITPOINT WARNING * * *
You scratch the orc warrior.
The orc warrior is almost dead.
The orc warrior hits you with a +0 war axe!
You die...

....####.....## ##..###8
..#..#.##..####### #..##≈≈_
.##.†......##.#..### #.##≈§..
##.................# ####.#≈§...
#.............##..#####....'...._
.................## #...##.#≈≈...
..................###.####.##≈≈..
...................##.# #..##≈≈_
................h.###.# ##..###8
...............)o..##.######..###
...#.#..................##......#
..##.............................
.###...............[†............
.###........#......>....##.......
###........##......÷..~####...#..
###........##........~♣~~##...##.
.##..###..............~♣.....####


You could see an orc warrior.

Vanquished Creatures
  A wyvern (D:5)
  An ogre (D:5)
  3 scorpions
  A howler monkey (D:5)
  3 bombardier beetles
  3 iron imps (D:3)
  A hound (D:6)
  3 iguanas
  A sleepcap (D:4)
  4 gnolls
  7 adders
  A white imp (D:6)
  2 ufetubi (D:5)
  2 dart slugs (D:1)
  2 ribbon worms
  4 orcs
  5 ball pythons
  5 bats
  5 endoplasms
  2 giant cockroaches
  4 goblins
  17 hobgoblins
  11 jackals
  6 quokkas
  3 frilled lizards
  4 kobolds
  6 rats
107 creatures vanquished.

Notes
Turn   | Place    | Note
-------+----------+-------------------------------------------
     0 | D:1      | emikaela the Felid Shapeshifter began the quest for the
                  | Orb.
     0 | D:1      | Reached XP level 1. HP: 10/10 MP: 2/2
   108 | D:1      | Reached XP level 2. HP: 14/14 MP: 3/3
   536 | D:1      | Reached skill level 1 in Stealth
   756 | D:2      | Reached XP level 3. HP: 15/18 MP: 4/4
   790 | D:2      | Found a burning altar of Makhleb.
  1231 | D:2      | Noticed Sigmund
  1854 | D:3      | Reached XP level 4. HP: 23/23 MP: 5/5
  1854 | D:3      | Gained a life (2 lives remaining)
  2024 | D:3      | Found a glowing silver altar of Zin.
  2487 | D:3      | Found a burning altar of Makhleb.
  2508 | D:3      | Reached skill level 4 in Unarmed Combat
  2518 | D:3      | Reached XP level 5. HP: 18/26 MP: 6/6
  3093 | D:4      | Gained mutation: You are covered in thick fur. (AC +2)
                  | [Felid growth]
  3093 | D:4      | Reached XP level 6. HP: 32/32 MP: 7/7
  3169 | D:4      | Identified the +0 leather armour of Insatiable Hunger {Fly
                  | Str+2 Int+7 Stlth-}
  3427 | D:5      | Entered Level 5 of the Dungeon
  3649 | D:5      | Reached skill level 5 in Unarmed Combat
  3778 | D:5      | Found a staircase to the Ecumenical Temple.
  3785 | Temple   | Found a transporter.
  3785 | Temple   | Found a transporter.
  3785 | Temple   | Found a transporter.
  3785 | Temple   | Found a transporter.
  3785 | Temple   | Entered the Ecumenical Temple
  3798 | Temple   | Became a worshipper of Trog the Wrathful
  4321 | D:5      | Noticed a wyvern
  4348 | D:6      | Noticed a water moccasin
  4424 | D:6      | Reached XP level 7. HP: 15/36 MP: 8/8
  4425 | D:6      | Slain by a water moccasin
  4425 | D:6      | Lost a life (1 life remaining)
  4499 | D:6      | Found a stormy altar of Qazlal.
  4581 | D:5      | Found a blossoming altar of Fedhas.
  4771 | D:5      | Found a shadowy altar of Dithmenos.
  4771 | D:5      | Found a snail-covered altar of Cheibriados.
  4771 | D:5      | Found a shimmering altar of Xom.
  4916 | D:5      | Killed a wyvern
  4917 | D:5      | Reached skill level 5 in Shapeshifting
  5082 | D:5      | Reached skill level 5 in Stealth
  5082 | D:5      | Reached skill level 6 in Unarmed Combat
  5146 | D:6      | Found a runed translucent gate.
  5146 | D:6      | Found a runed translucent gate.
  5146 | D:6      | Found an opulent altar of Gozag.
  5146 | D:6      | Found a runed translucent gate.
  5269 | D:5      | Slain by an orc warrior
  5269 | D:5      | Lost a life (0 lives remaining)
  5281 | D:5      | Mangled by an orc warrior

Illustrated notes

Levels and vault maps discovered:
D:1:      onia_arrival_pyramid, layout_loops_ring
D:2:      layout_loops_ring, basic_altar, uniq_sigmund
D:3:      layout_basic, mainiacjoe_overflow_alcove_2, demons_altar,
          nrook_mini_vaults
D:4:      layout_loops_cross, minmay_starry_boxes
D:5:      layout_cave_pools, lemuel_round_altar, gammafunk_temple_overflow_claw,
          minmay_temple_entry_arrows, serial_bayou, serial_bayou_pond_d,
          serial_bayou_pond_e, serial_bayou_pond_d, serial_bayou_lagoon_b
D:6:      layout_cave_pools, kennysheep_mini_moat,
          nicolae_yredelemnul_ghost_church, portal_sewer_entry_d,
          ebering_ghost_gozag
Temple:   hellmonk_temple_divided_pantheon

Skill      XL: |  1  2  3  4  5  6  7 |
---------------+----------------------+-----
Dodging        | 3 |  3.2
Stealth        | 1 2 3 5 |  5.0
Shapeshifting  | 3 4 5 |  5.2
Fighting       | 2 3 |  3.0
Unarmed Combat | 4 5 6 |  6.2

Action                     |  1- 3 |  4- 6 |  7- 9 || total
---------------------------+-------+-------+-------++-------
  Melee: Unarmed           |   111 |   135 |    61 ||   307
         Bite              |    11 |    13 |    12 ||    36
         Punch             |     1 |     4 |     1 ||     6
    Use: Potion            |     1 |     1 |       ||     2
         Scroll            |       |     8 |       ||     8
   Stab: Sleeping          |     6 |     3 |       ||     9
         Distracted        |       |       |     2 ||     2
 Armour: Skin              |    16 |    32 |    16 ||    64
  Dodge: Dodged            |    50 |    80 |    41 ||   171
  Block: Other             |    11 |    18 |     6 ||    35
         Reflection        |       |       |     1 ||     1
   Form: Beast             |     1 |       |       ||     1
